 Dungeon Crawl Stone Soup version 0.21.1-1-g345015fe64 (webtiles) character file.

12 OlSheep the Sneak (level 2, -2/15 HPs)
             Began as a Kobold Enchanter on July 17, 2018.
             Slain by an ooze (5 damage)
             ... on level 1 of the Dungeon.
             The game lasted 00:04:47 (740 turns).

OlSheep the Sneak (Kobold Enchanter)                 Turns: 740, Time: 00:04:48

Health: -2/15      AC:  2    Str:  5    XL:     2   Next: 45%
Magic:  0/5        EV: 15    Int: 16    God:
Gold:   75         SH:  0    Dex: 15    Spells: 2/5 levels left

rFire    . . .     SeeInvis .   a - +1 dagger
rCold    . . .     Gourm    .   (shield restricted)
rNeg     . . .     Faith    .   b - +0 robe
rPois    .         Spirit   .   (no helmet)
rElec    .         Reflect  .   (no cloak)
rCorr    .         Harm     .   (no gloves)
MR       .....                  (no boots)
Stlth    +++.......             (no amulet)
HPRegen  0.05/turn              (no ring)
MPRegen  0.09/turn              (no ring)

@: no status effects
A: small, carnivore
a: no special abilities


You were on level 1 of the Dungeon.
You were very full.

You visited 1 branch of the dungeon, and saw 1 of its levels.

You collected 75 gold pieces.

Inventory:

Hand Weapons
 a - a +1 dagger (weapon)
Missiles
 h - 14 bolts
 k - 29 poisoned needles
Armour
 b - a +0 robe (worn)
 m - a +2 cloak
 q - a cursed +0 leather armour
Scrolls
 e - a scroll of remove curse {unknown}
 j - a scroll of identify {unknown}
 l - a scroll of enchant armour {unknown}
 p - a scroll of enchant weapon {unknown}
Potions
 f - a potion of haste {unknown}
 g - a potion of lignification {unknown}
 n - a potion of curing {unknown}
 o - a potion of degeneration {unknown}
Books
 c - a book of Maledictions

   Spells                             Type                      Level
   a - Corona                         Hexes                        1
   b - Ensorcelled Hibernation        Hexes/Ice                    2
   c - Confuse                        Hexes                        3
   d - Tukima's Dance                 Hexes                        3
   e - Dazzling Spray                 Conjuration/Hexes            3
Comestibles
 d - 3 rations
 i - a chunk of flesh


   Skills:
 - Level 1.3 Short Blades
 - Level 2.4 Dodging
 * Level 4.6 Stealth
 * Level 2.4 Spellcasting
 + Level 3.1 Hexes


You had 2 spell levels left.
You knew the following spells:

 Your Spells              Type           Power        Failure   Level  Hunger
a - Corona                Hex            ##.....      5%          1    #......
b - Ensorcelled Hibernat  Hex/Ice        #.....       16%         2    ###....


Dungeon Overview and Level Annotations

Branches:
Dungeon (1/15)

Altars:


Innate Abilities, Weirdness & Mutations

You are small and have problems with some larger weapons.
You are carnivorous and can eat meat at any time.


Message History

Press: ? - help, Shift-Dir - straight line, f/p - ooze
Aim: an ooze (heavily wounded, chance to defeat MR: 38%)
The ooze resists with some effort.
The ooze hits you.
* * * LOW HITPOINT WARNING * * *
Some of the chunks of flesh in your inventory have rotted away.
The ooze hits you but does no damage.
Casting: Ensorcelled Hibernation
Confirm with . or Enter, or press ? or * to list all spells.
Aiming: Ensorcelled Hibernation
Press: ? - help, Shift-Dir - straight line, f/p - ooze
Aim: an ooze (moderately wounded, chance to defeat MR: 38%)
The ooze resists with some effort.
The ooze hits you.
* * * LOW HITPOINT WARNING * * *
Casting: Ensorcelled Hibernation
Confirm with . or Enter, or press ? or * to list all spells.
Aiming: Ensorcelled Hibernation
Press: ? - help, Shift-Dir - straight line, f/p - ooze
Aim: an ooze (moderately wounded, chance to defeat MR: 38%)
The ooze resists with some effort.
The ooze hits you.
You die...

################........# #.#
.........#...#.#....##..####.##
########.#.#.#................###
#........#.#.#....##.#..####.#.##
#.########.#.#.#........##..###..
#..........#.#.##.......##.## ##.
############.#.##....####.## ##
...............###...# ##.## ##.
###.#.#.######.J@.[..# #..###..
....#.#.#....#####...# #...#...
###.#.#.#.##.# #...# ####.#..
#.#.#.#.<#.# #...# ###..
#.#.#.####.# #...########....
#.#.#......#####.........##.#..
#####.########..........(...#.#..
....รท.#.#.....................#..
...####.....................###.#


You could see an ooze.

Vanquished Creatures
  2 goblins (D:1)
  3 hobgoblins (D:1)
  A kobold (D:1)
  A frilled lizard (D:1)
  5 rats (D:1)
12 creatures vanquished.

Notes
Turn   | Place    | Note
-------+----------+-------------------------------------------
     0 | D:1      | OlSheep the Kobold Enchanter began the quest for the Orb.
     0 | D:1      | Reached XP level 1. HP: 10/10 MP: 3/3
   161 | D:1      | Reached XP level 2. HP: 14/15 MP: 1/5
   201 | D:1      | Learned a level 2 spell: Ensorcelled Hibernation
   740 | D:1      | Slain by an ooze

Action                   || total
-------------------------++-------
Melee: Dagger            ||    39
 Cast: Corona            ||     5
       Ensorcelled Hiber ||    13
 Stab: Sleeping          ||     6
  Eat: Chunk             ||     8
Armor: Robe              ||     5
Dodge: Dodged            ||    29
